 Dungeon Crawl Stone Soup version 0.18.1-48-g4cf74bf (webtiles) character file.

123 dvd the Ducker (level 4, -3/45 HPs)
             Began as a Troll Berserker on Aug 2, 2016.
             Was a Believer of Trog.
             Slain by Sigmund
             ... wielding a +0 scythe
              (7 damage)
             ... on level 3 of the Dungeon.
             The game lasted 00:06:42 (2527 turns).

dvd the Ducker (Troll Berserker)                    Turns: 2527, Time: 00:06:43

Health: -3/45      AC:  6    Str: 25    XL:     4   Next: 79%
Magic:  3/3        EV: 10    Int:  3    God:    Trog [**....]
Gold:   185        SH:  0    Dex: 10    Spells: 0 memorised, 3 levels left

rFire  . . .     SeeInvis .     m - -3 flail (curse)
rCold  . . .     Gourm    +     n - +0 robe (curse)
rNeg   . . .     Faith    .     (no shield)
rPois  .         Spirit   .     (helmet restricted)
rElec  .         Dismiss  .     p - +0 cloak (curse)
rCorr  .         Reflect  .     (gloves unavailable)
SustAt .         Harm     .     (boots unavailable)
MR     .....                    (no amulet)
Stlth  +.........               (no ring)
                                (no ring)

@: exhausted, slowed, very slow, not resistant to hostile enchantments, very
unstealthy
A: unfitting armour, claws 3, fast metabolism 3, gourmand, regeneration 2,
shaggy fur 1, tough skin 2
a: Berserk, Trog's Hand, Burn Spellbooks, Renounce Religion


You were on level 3 of the Dungeon.
You worshipped Trog.
Trog was pleased with you.
You were very full.

You visited 1 branch of the dungeon, and saw 3 of its levels.

You collected 185 gold pieces.

Inventory:

Hand Weapons
 a - a +0 mace
 m - a cursed -3 flail (weapon)
Missiles
 e - 148 stones (quivered)
Armour
 b - a +0 animal skin
 n - a cursed +0 robe (worn)
 p - a cursed +0 cloak (worn)
Scrolls
 g - 3 scrolls of teleportation
 k - a scroll of identify
 r - a scroll of recharging
Potions
 d - 2 potions of curing {unknown}
 h - a potion of invisibility {unknown}
 i - 2 potions of haste {unknown}
 j - 2 potions of heal wounds {unknown}
 l - a potion of degeneration {unknown}
 o - a potion of resistance {unknown}
Comestibles
 c - 3 bread rations
 f - 4 beef jerkies


   Skills:
 + Level 3.0 Fighting
 + Level 3.3 Maces & Flails
 + Level 1.0 Throwing
 + Level 3.5 Dodging
 + Level 0.2 Stealth


You had 3 spell levels left.
You didn't know any spells.

Dungeon Overview and Level Annotations

Branches:
Dungeon (3/15)

Altars:
Fedhas
The Shining One

Annotations:
D:3 Sigmund


Innate Abilities, Weirdness & Mutations

You are too large for most types of armour.
You have claws for hands.
Your metabolism is lightning-fast.
You like to eat raw meat.
You heal very quickly.
You are covered in fur (AC +1).
You have very tough skin (AC +2).


Message History

The hobgoblin hits you but does no damage.
Items here: ( ))) †† You miss something.
Something hits you! The hobgoblin closely misses you.
You closely miss something. The hobgoblin hits you with a club.
You miss something.
You hear some strange, mumbled words.
A magic dart appears from out of thin air!
The magic dart hits you!
You barely miss something.
You are no longer berserk.
You are exhausted.
You feel yourself slow down. The hobgoblin barely misses you.
Something hits you!
* * * LOW HITPOINT WARNING * * *
You miss something. The hobgoblin barely misses you.
Something hits you but does no damage. The hobgoblin hits you with a club.
* * * LOW HITPOINT WARNING * * *
You completely miss something. The hobgoblin closely misses you.
Something hits you!
You die...

.....(..# .....##.#
........# .....####
.....# ..)..####
........########
......#........####
....#.#........'@{#
..###.##...<..(##g#
..'...##.......#
l..
..######.......#
##...
..######.......#
..(..
......##########
.... ......# ...
......# ... ......#


You could see a giant gecko and a hobgoblin.

Vanquished Creatures
  3 gnolls (D:2)
  2 adders (D:2)
  An ooze (D:2)
  4 worms
  2 dart slugs
  2 giant geckos
  A ball python (D:3)
  6 bats
  2 giant cockroaches
  4 goblins
  7 hobgoblins
  3 jackals (D:2)
  9 kobolds
  2 quokkas (D:2)
  2 giant newts
  3 rats
53 creatures vanquished.

Notes
Turn   | Place    | Note
--------------------------------------------------------------
     0 | D:1      | dvd the Troll Berserker began the quest for the Orb.
     0 | D:1      | Reached XP level 1. HP: 22/22 MP: 0/0
   399 | D:1      | Reached XP level 2. HP: 29/29 MP: 1/1
  1135 | D:2      | Reached XP level 3. HP: 19/36 MP: 2/2
  1290 | D:2      | Found a glowing golden altar of the Shining One.
  1299 | D:2      | Reached ** piety under Trog
  1448 | D:2      | Found a blossoming altar of Fedhas.
  1619 | D:2      | Reached XP level 4. HP: 31/44 MP: 3/3
  2377 | D:3      | Reached skill level 1 in Throwing
  2498 | D:3      | Noticed Sigmund
  2527 | D:3      | Slain by Sigmund

Skill      XL: |  1  2  3  4 |
---------------+-------------+-----
Maces & Flails | 3 |  3.3
Dodging        | 3 |  3.5
Fighting       | 3 |  3.0
Throwing       | 1 |  1.0
Stealth        | |  0.2

Action                   |  1- 3 |  4- 6 || total
-------------------------+-------+-------++-------
Melee: Mace              |    38 |       ||    38
       Flail             |   111 |   113 ||   224
Throw: Stone             |    28 |    48 ||    76
Invok: Berserk           |     3 |     2 ||     5
  Use: Scroll            |     3 |     2 ||     5
  Eat: Chunk             |    22 |    11 ||    33
Armor: Animal skin       |    65 |    40 ||   105
       Robe              |       |     8 ||     8
Dodge: Dodged            |    93 |    67 ||   160
